 Dungeon Crawl Stone Soup version 0.23-a0-650-ga4d50d4 (webtiles) character file.

135 Borgoz the Chopper (level 5, 0/46 HPs)
             Began as a Hill Orc Fighter on Jan 2, 2019.
             Slain by a leopard gecko (3 damage)
             ... on level 3 of the Dungeon.
             The game lasted 00:05:20 (1832 turns).

Borgoz the Chopper (Hill Orc Fighter)               Turns: 1832, Time: 00:05:21

Health: 0/46       AC:  7    Str: 19    XL:     5   Next: 18%
Magic:  5/5        EV:  7    Int:  8    God:
Gold:   126        SH:  9    Dex: 11    Spells: 4/4 levels left

rFire    . . .     SeeInvis .   a - +0 war axe
rCold    . . .     Gourm    .   c - +0 shield
rNeg     . . .     Faith    .   b - +0 scale mail
rPois    .         Spirit   .   (no helmet)
rElec    .         Reflect  .   (no cloak)
rCorr    .         Harm     .   (no gloves)
MR       .....                  (no boots)
Stlth    ..........             (no amulet)
HPRegen  0.15/turn              (no ring)
MPRegen  0.09/turn              (no ring)

@: lethally poisoned (0 -> -2), slowed, very slow
A: no striking features
a: no special abilities


You were on level 3 of the Dungeon.
You were not hungry.

You visited 1 branch of the dungeon, and saw 3 of its levels.

You collected 126 gold pieces.

Inventory:

Hand Weapons
 a - a +0 war axe (weapon)
Armour
 b - a +0 scale mail (worn)
 c - a +0 shield (worn)
Jewellery
 j - a cursed ring of stealth {unknown}
Wands
 s - a wand of digging (5)
Scrolls
 e - 2 scrolls of fear {unknown}
 g - a scroll of noise {unknown}
 l - a scroll of random uselessness {unknown}
 m - a scroll of identify {unknown}
 n - a scroll of immolation {unknown}
 p - 2 scrolls of remove curse {unknown}
 r - a scroll of enchant weapon {unknown}
 t - a scroll of blinking {unknown}
Potions
 d - a potion of might
 i - a potion of curing {unknown}
 k - 2 potions of ambrosia {unknown}
 o - a potion of berserk rage {unknown}
 q - a potion of lignification {unknown}
Comestibles
 f - 4 rations
 h - 5 chunks of flesh


   Skills:
 + Level 4.0 Fighting
 + Level 5.5 Axes
 + Level 3.9 Armour
 + Level 0.3 Dodging
 + Level 0.1 Stealth
 + Level 3.8 Shields


You had 4 spell levels left.
You didn't know any spells.
Your spell library was empty.

Dungeon Overview and Level Annotations

Branches:
Dungeon (3/15)

Altars:
Fedhas


Message History

The kobold hits you.
* * * LOW HITPOINT WARNING * * *
You feel sick. The leopard gecko barely misses you.
You miss the leopard gecko.
The leopard gecko is severely wounded.
You feel sick. The leopard gecko bites you.
* * * LOW HITPOINT WARNING * * *
You block the leopard gecko's attack.
The leopard gecko bites you but does no damage. x2
The leopard gecko barely misses you.
You closely miss the leopard gecko. You slash the leopard gecko!
You kill the leopard gecko!
You block the leopard gecko's attack. The leopard gecko closely misses you.
The kobold hits you but does no damage.
You closely miss the leopard gecko. You closely miss the kobold.
You feel sick. You block the leopard gecko's attack.
You block the kobold's attack. The leopard gecko bites you.
* * * LOW HITPOINT WARNING * * *
The kobold hits you but does no damage. The leopard gecko bites you.
You die...

.....##
#.....#
+.....
#######....
..........
.........
........##
.......Kl#
.......#@#
.......#.##
.......#..#
.......##.#
.......
#.##
#######
#..# ##.##
#..# #+# ..
##.# #.##.#


You could see a leopard gecko and a kobold.

Vanquished Creatures
  Ijyb (D:3)
  A killer bee zombie (D:2)
  2 adders
  An ooze (D:2)
  A worm (D:2)
  2 dart slugs
  4 leopard geckos
  5 giant cockroaches
  5 goblins (D:2)
  8 hobgoblins
  5 kobolds
  A quokka (D:2)
  A ball python (D:2)
  9 bats
  4 frilled lizards (D:2)
  8 rats
58 creatures vanquished.

Notes
Turn   | Place    | Note
-------+----------+-------------------------------------------
     0 | D:1      | Borgoz the Hill Orc Fighter began the quest for the Orb.
     0 | D:1      | Reached XP level 1. HP: 19/19 MP: 1/1
   113 | D:1      | Reached XP level 2. HP: 22/27 MP: 2/2
   187 | D:1      | Reached skill level 3 in Axes
   320 | D:1      | Reached XP level 3. HP: 32/33 MP: 3/3
   681 | D:2      | Reached skill level 4 in Axes
   879 | D:2      | Reached XP level 4. HP: 40/40 MP: 4/4
  1699 | D:3      | Noticed Ijyb
  1723 | D:3      | Reached skill level 5 in Axes
  1731 | D:3      | Killed Ijyb
  1731 | D:3      | Reached XP level 5. HP: 14/46 MP: 5/5
  1782 | D:3      | Found a blossoming altar of Fedhas.
  1832 | D:3      | Slain by a leopard gecko

Vault maps used:
D:1:      roderic_chinese_lattice_arrival
D:3:      overflow_temple_1_default, uniq_ijyb, uniq_natasha

Skill      XL: |  1  2  3  4 |
---------------+-------------+-----
Axes           | 3 4 5 |  5.5
Fighting       | 4 |  4.0
Armour         | |  3.9
Dodging        | |  0.3
Stealth        | |  0.1
Shields        | |  3.8

Action                   |  1- 3 |  4- 6 || total
-------------------------+-------+-------++-------
Melee: War axe           |    96 |   103 ||   199
  Eat: Chunk             |       |     3 ||     3
Armor: Scale mail        |    66 |    71 ||   137
Dodge: Dodged            |    37 |    37 ||    74
Block: Shield            |    56 |    60 ||   116

Table legend:
 A = Non-vault XP
 B = Vault XP
 C = Vault XP percentage of total XP
 D = Non-vault monster count
 E = Vault monster count
 F = Vault count percentage of total count
                 A         B        C        D         E       F
            +---------+---------+-------+---------+---------+-------
      Total |     160 |      33 |  17.1 |      57 |       1 |   1.7
            +---------+---------+-------+---------+---------+-------
        D:1 |      46 |       0 |   0.0 |      25 |       0 |   0.0
        D:2 |      95 |       0 |   0.0 |      28 |       0 |   0.0
        D:3 |      19 |      33 |  63.5 |       4 |       1 |  20.0
            +---------+---------+-------+---------+---------+-------
